 Dungeon Crawl Stone Soup version 0.31-a0-1581-g41d5ff3e7b (webtiles) character file.

Game seed: 5053604286389168893

1076 GreatBamboolord the Magician (level 8, -3/60 HPs)
             Began as a Mummy Necromancer on Jan 5, 2024.
             Was a Follower of Kikubaaqudgha.
             Slain by a wight
             ... wielding a +2 scimitar
              (6 damage)
             ... on level 6 of the Dungeon.
             The game lasted 00:18:13 (5653 turns).

GreatBamboolord the Magician (Mummy Necromancer)    Turns: 5653, Time: 00:18:14

Health: -3/60      AC:  3    Str: 12    XL:     8   Next: 8%
Magic:  9/17       EV: 12    Int: 16    God:    Kikubaaqudgha [*.....]
Gold:   190        SH:  0    Dex: 12    Spells: 3/19 levels left

rFire   x . .        i - +2 dagger (venom)
rCold   + . .        (no shield)
rNeg    + + +        a - +0 robe
rPois   ∞            e - +0 helmet
rElec   .            (no cloak)
rCorr   .            (no gloves)
SInv    .            (no boots)
Will    +....        (no amulet)
Stlth   ++           h - ring of wizardry
HPRegen 0.30/turn    (no ring)
MPRegen 0.15/turn

%: faith, wizardry (x1)
@: animating dead
A: cold resistance 1, negative energy resistance 3, torment resistance 2, heat
vulnerability 1, in touch with death 1, no potions, faith
a: Renounce Religion, Unearth Wretches


You were on level 6 of the Dungeon.
You worshipped Kikubaaqudgha.
Kikubaaqudgha was aware of your devotion.
You visited 1 branch of the dungeon, and saw 6 of its levels.

You collected 190 gold pieces.

Inventory:

Hand Weapons
 i - a +2 dagger of venom (weapon)
Armour
 a - a +0 robe (worn)
 e - a +0 helmet (worn)
Jewellery
 d - a ring of ice
 h - a ring of wizardry (left hand)
Wands
 c - a wand of iceblast (5)
 k - a wand of flame (6)
Scrolls
 b - 2 scrolls of identify
 g - 2 scrolls of teleportation
 j - a scroll of enchant weapon {unknown}
 l - a scroll of immolation {unknown}


   Skills:
 * Level 4.2 Fighting
 + Level 3.0 Dodging
 + Level 3.2 Stealth
 * Level 6.1 Spellcasting
 * Level 2.0 Hexes
 * Level 6.0 Necromancy


You had 3 spell levels left.
You knew the following spells:

 Your Spells              Type           Power      Damage    Failure   Level
a - Necrotise             Necr           100%       1d9       1%          1
b - Fugue of the Fallen   Necr           36%        N/A       1%          3
c - Vampiric Draining     Necr           36%        2d8       1%          3
d - Kiss of Death         Conj/Necr      88%        2d12      1%          1
e - Animate Dead          Necr           36%        N/A       4%          4
f - Anguish               Hex/Necr       13%        N/A       11%         4

Your spell library contained the following spells:

 Spells                   Type           Power      Damage    Failure   Level
 Foxfire                  Conj/Fire      16%        2x1d4     6%          1
 Ensorcelled Hibernation  Hex/Ice        16%        N/A       6%          2
 Passwall                 Erth           4%         N/A       16%         3
 Swiftness                Air            4%         N/A       16%         3
 Curse of Agony           Necr           36%        N/A       12%         5
 Summon Blazeheart Golem  Fire/Summ      4%         N/A       45%         4
 Orb of Destruction       Conj           2%         9d5       100%        7
 Spellforged Servitor     Conj/Summ      2%         N/A       100%        7


Dungeon Overview and Level Annotations

Branches:
Dungeon (6/15)             Temple (0/1) D:6

Altars:
Dithmenos
Fedhas
Kikubaaqudgha
Sif Muna
Vehumet


Innate Abilities, Weirdness & Mutations

You are immune to poison.
Your flesh is cold resistant. (rC+)
You are immune to negative energy. (rN+++)
You are immune to unholy pain and torment.
You are vulnerable to heat. (rF-)
You are in touch with the powers of death.
You do not drink.
You have a special connection with the divine. (Faith)


Message History

You puncture the orc wizard!
You kill the orc wizard!
That felt strangely unrewarding.
The dead are walking!
A nearby orc warrior perishes wretchedly.
The dead are walking!
The wight misses you.
Unknown command.
A nearby adder perishes wretchedly.
The dead are slithering!
Your orc warrior zombie hits the wight but does no damage.
Your adder zombie bites the wight but does no damage.
You hit the wight.
The wight is lightly damaged.
The wight hits you but does no damage.
Your adder zombie barely misses the wight.
Your orc warrior zombie hits the wight.
You closely miss the wight. Your punch misses the wight.
The wight is moderately damaged.
The wight hits you with a +2 scimitar!
Your adder zombie bites the wight.
Your orc wizard zombie misses the wight.
Your orc warrior zombie hits the wight.
You hit the wight.
The wight is severely damaged.
The wight hits you with a +2 scimitar!
* * * LOW HITPOINT WARNING * * *
Your adder zombie misses the wight.
The wight completely misses you.
Your adder zombie bites the wight but does no damage.
Your orc wizard zombie hits the wight but does no damage.
Your orc warrior zombie hits the wight.
The wight attacks as it pursues you! The wight hits you with a +2 scimitar!
* * * LOW HITPOINT WARNING * * *
Your adder zombie barely misses the wight.
The wight attacks as it pursues you! The wight closely misses you.
You can't drink.
Unknown command.
Okay, then.
You closely miss the wight.
The wight is almost destroyed.
The wight hits you with a +2 scimitar.
You die...
Kikubaaqudgha rasps: "You have failed me!
Welcome... oblivion!"

# .. ########### ...
#.....@z..# ....
#.#######Z######### .....
#.#.<..Z.Z#.......#
......##.#.##...Z..#####.#
...................#
.........#......<#.# ..
......#..#.#######.#
.##.........##........#
........#.#....#####..#


You could see a wight (ally target) and a friendly orc warrior zombie.

Vanquished Creatures
  Duvessa (D:5)
  Dowan (D:5)
  A howler monkey (D:5)
  4 bombardier beetles
  2 hounds (D:5)
  2 jellies
  2 orc priests
  A gnoll bouda (D:5)
  2 iguanas
  10 orc wizards
  4 gnolls (D:5)
  3 adders
  2 ufetubi (D:5)
  A ribbon worm (D:3)
  A dart slug (D:5)
  17 orcs
  3 endoplasms
  A giant cockroach (D:3)
  4 goblins
  11 hobgoblins
  3 jackals (D:2)
  3 kobolds
  4 quokkas
  5 ball pythons
  2 bats
  3 frilled lizards
  4 rats (D:2)
97 creatures vanquished.

Vanquished Creatures (collateral kills)
  An adder (D:2)
  A dart slug (D:2)
  A ribbon worm (D:2)
  2 orcs (D:2)
5 creatures vanquished.

Vanquished Creatures (others)
  An orc warrior (D:6)
  A phantom (D:5)
  An orc wizard (D:3)
  An adder (D:6)
4 creatures vanquished.

Grand Total: 106 creatures vanquished

Notes
Turn   | Place    | Note
-------+----------+-------------------------------------------
     0 | D:1      | GreatBamboolord the Mummy Necromancer began the quest for
                  | the Orb.
     0 | D:1      | Reached XP level 1. HP: 13/13 MP: 4/4
   352 | D:1      | Reached XP level 2. HP: 19/19 MP: 0/6
  1104 | D:2      | Reached XP level 3. HP: 25/25 MP: 3/7
  1137 | D:2      | Learned a level 3 spell: Fugue of the Fallen
  1141 | D:2      | Learned a level 3 spell: Vampiric Draining
  1214 | D:2      | Reached skill level 1 in Fighting
  1584 | D:2      | Reached XP level 4. HP: 32/32 MP: 6/9
  2572 | D:3      | Found a radiant altar of Vehumet.
  2618 | D:3      | Reached XP level 5. HP: 15/38 MP: 2/11
  2744 | D:3      | Got Vehumet's Parchment of Battle Magic
  2781 | D:3      | Found an ancient bone altar of Kikubaaqudgha.
  2825 | D:3      | Found a shimmering blue altar of Sif Muna.
  2833 | D:3      | Reached skill level 5 in Necromancy
  2833 | D:3      | Reached XP level 6. HP: 44/46 MP: 5/12
  2841 | D:3      | Became a worshipper of Kikubaaqudgha
  3465 | D:4      | Found a shadowy altar of Dithmenos.
  3861 | D:5      | Entered Level 5 of the Dungeon
  3861 | D:5      | Found a blossoming altar of Fedhas.
  3869 | D:5      | Reached skill level 5 in Spellcasting
  3927 | D:5      | Reached * piety under Kikubaaqudgha
  3927 | D:5      | Received a gift from Kikubaaqudgha
  3954 | D:5      | Reached XP level 7. HP: 26/52 MP: 0/14
  4081 | D:5      | Learned a level 1 spell: Kiss of Death
  4086 | D:5      | Learned a level 4 spell: Animate Dead
  4109 | D:5      | Learned a level 4 spell: Anguish
  4335 | D:5      | Noticed Duvessa
  4335 | D:5      | Noticed Dowan
  4363 | D:5      | Killed Duvessa
  4364 | D:5      | Reached skill level 1 in Hexes
  4747 | D:5      | Killed Dowan
  5137 | D:5      | Reached XP level 8. HP: 38/60 MP: 14/17
  5584 | D:6      | Found a staircase to the Ecumenical Temple.
  5649 | D:6      | HP: 1/60 [wight/+2 scimitar (11)]
  5653 | D:6      | Slain by a wight

Illustrated notes

Levels and vault maps discovered:
D:1:      lemuel_arrival_river_bridge, layout_basic
D:2:      layout_basic, minmay_between
D:3:      layout_rooms, palyth_temple_overflow_mages
D:4:      layout_basic, mainiacjoe_overflow_tiny_flanked, minmay_box_of_dots
D:5:      layout_gridville, elyvilon_altar_3, mainiacjoe_overflow_boulevard,
          uniq_duvessa
D:6:      layout_basic, minmay_temple_entry_sparse_star, kennysheep_donut,
          sigmund_army, uniq_sigmund

Skill      XL: |  1  2  3  4  5  6  7  8 |
---------------+-------------------------+-----
Spellcasting   | 3 4 5 6 |  6.1
Fighting       | 1 2 3 4 |  4.2
Stealth        | 2 3 |  3.2
Dodging        | 2 3 |  3.0
Necromancy     | 5 6 |  6.0
Hexes          | 1 2 |  2.0

Action                     |  1- 3 |  4- 6 |  7- 9 || total
---------------------------+-------+-------+-------++-------
  Melee: Dagger            |     2 |       |    31 ||    33
   Cast: Necrotise         |    52 |   103 |    58 ||   213
         Vampiric Draining |       |     5 |    12 ||    17
         Anguish           |       |       |     1 ||     1
         Animate Dead      |       |       |     1 ||     1
 Invoke: Unearth Wretches  |       |       |     2 ||     2
    Use: Scroll            |       |     4 |     5 ||     9
   Stab: Paralysed         |       |       |     1 ||     1
 Armour: Robe              |    11 |    30 |    67 ||   108
  Dodge: Dodged            |    12 |    20 |    41 ||    73

Table legend: (Time is in decaauts)
 A = Elapsed time spent in this place.
 B = Non-inter-level travel time spent in this place.
 C = Inter-level travel time spent in this place.
 D = Time resting spent in this place.
 E = Time spent auto-exploring this place.
 F = Levels seen in this place.
 G = Mean time per level.
                   A        B        C        D        E       F      G
               +--------+--------+--------+--------+--------+-----+--------+
         Total |   5657 |   5519 |    138 |    528 |   4149 |   6 |  942.8 |
       Dungeon |   5657 |   5519 |    138 |    528 |   4149 |   6 |  942.8 |
               +--------+--------+--------+--------+--------+-----+--------+

Top non-repeatable levels by time:
     D:4: 1390 daAuts
     D:5: 1262 daAuts
     D:2: 1179 daAuts
     D:1: 906 daAuts
     D:3: 828 daAuts
     D:6: 89 daAuts
